 Dungeon Crawl Stone Soup version 0.29.1-13-g9f3cf754e1 (webtiles) character file.

Game seed: 18237619936779244829

126 112233 the Magician (level 4, -1/24 HPs)
             Began as a Deep Elf Fire Elementalist on Feb 10, 2023.
             Slain by a gnoll
             ... wielding a +0 club
              (8 damage)
             ... on level 2 of the Dungeon.
             The game lasted 00:01:52 (2788 turns).

112233 the Magician (Deep Elf Fire Elementalist)    Turns: 2788, Time: 00:01:53

Health: -1/24      AC:  3    Str:  5    XL:     4   Next: 84%
Magic:  7/12       EV: 13    Int: 22    God:
Gold:   61         SH:  0    Dex: 15    Spells: 4/11 levels left

rFire   . . .      SeeInvis .   q - +0 dagger (venom)
rCold   . . .      Faith    .   (no shield)
rNeg    . . .      Spirit   .   a - +0 robe
rPois   .          Reflect  .   (no helmet)
rElec   .          Harm     .   j - +0 cloak
rCorr   .          Rampage  .   (no gloves)
Will    .....                   (no boots)
Stlth   ++........              (no amulet)
HPRegen 0.08/turn               (no ring)
MPRegen 0.13/turn               (no ring)

@: very slightly contaminated
A: no striking features
a: no special abilities


You were on level 2 of the Dungeon.
You visited 1 branch of the dungeon, and saw 3 of its levels.

You collected 61 gold pieces.

Inventory:

Hand Weapons
 q - a +0 dagger of venom (weapon)
Armour
 a - a +0 robe (worn)
 h - an orb of wrath
 j - a +0 cloak (worn)
Jewellery
 f - a +4 ring of evasion
 m - an amulet of faith
Scrolls
 d - 3 scrolls of teleportation {unknown}
 e - a scroll of torment {unknown}
 g - 2 scrolls of enchant weapon {unknown}
 l - a scroll of brand weapon {unknown}
 n - a scroll of identify {unknown}
 p - 2 scrolls of magic mapping {unknown}
Potions
 b - a potion of magic
 c - 2 potions of might {unknown}
 i - 2 potions of curing {unknown}
 k - a potion of attraction {unknown}
 o - a potion of degeneration {unknown}


   Skills:
 - Level 2.7 Dodging
 - Level 2.8 Stealth
 + Level 4.4 Spellcasting
 + Level 3.0 Conjurations
 + Level 4.3 Fire Magic


You had 4 spell levels left.
You knew the following spells:

 Your Spells              Type           Power      Damage    Failure   Level
a - Foxfire               Conj/Fire      80%        2x1d8     2%          1
b - Scorch                Fire           46%        2d7       2%          2
c - Flame Wave            Conj/Fire      20%        2d7       24%         4

Your spell library contained the following spells:

 Spells                   Type           Power      Damage    Failure   Level
 Conjure Flame            Conj/Fire      20%        6-21      7%          3
 Inner Flame              Hex/Fire       14%        N/A       13%         3
 Summon Forest            Summ/Tloc      2%         N/A       96%         5
 Summon Mana Viper        Hex/Summ       4%         N/A       96%         5
 Summon Cactus Giant      Summ           2%         N/A       100%        6


Dungeon Overview and Level Annotations

Branches:
Dungeon (3/15)

Altars:
Lugonu

Portals:
Abyss: D:1

Annotations:
D:1 2 runed translucent doors


Message History

You conjure some foxfire!
The foxfire hits the gnoll.
The gnoll is heavily wounded.
The foxfire hits the gnoll.
The gnoll is almost dead.
Casting: Foxfire (safe; 2% risk of failure)
Confirm with . or Enter, or press ? or * to list all spells.
You conjure some foxfire!
The foxfire hits the gnoll but does no damage.
The gnoll is almost dead.
The foxfire hits the gnoll.
You kill the gnoll!
Your Conjurations skill increases to level 3!
Casting: Foxfire (safe; 2% risk of failure)
Confirm with . or Enter, or press ? or * to list all spells.
You miscast Foxfire.
You are very lightly contaminated with residual magic.
Nothing appears to happen.
The gnoll hits you with a +0 club.
Unknown command.
Casting: Foxfire (safe; 2% risk of failure)
Confirm with . or Enter, or press ? or * to list all spells.
You conjure some foxfire!
The gnoll misses you. The gnoll hits you with a +0 club!
The foxfire hits the gnoll.
The gnoll is lightly wounded.
The foxfire hits the gnoll.
The gnoll is heavily wounded.
The gnoll barely misses you. The gnoll hits you with a +0 club.
Unknown command.
Casting: Foxfire (safe; 2% risk of failure)
Confirm with . or Enter, or press ? or * to list all spells.
You conjure some foxfire!
The gnoll hits you with a +0 flail. The gnoll hits you with a +0 club.
* * * LOW HITPOINT WARNING * * *
The foxfire hits the gnoll.
The gnoll is heavily wounded.
The foxfire hits the gnoll.
The gnoll is almost dead.
The gnoll completely misses you. The gnoll hits you with a +0 club!
You die...

..........# #...............
..........# #########.......
.......#### #....... .......#
#...)... .......# ###########...
......?# ####### #.............
.......# ###.._..###.............
.......###.......ยง.###...........
.....###.......g@................
#.)........g..............###
............###.........###..
....######### ###.....###.... ..#
####### ....# # .... ....


You could see 2 gnolls.

Vanquished Creatures
  2 gnolls (D:2)
  3 adders (D:2)
  5 dart slugs
  3 worms (D:2)
  2 orcs (D:3)
  5 ball pythons
  6 endoplasms
  5 giant cockroaches
  4 goblins (D:2)
  4 hobgoblins (D:1)
  3 quokkas
  2 bats
  5 frilled lizards
  7 kobolds
  3 rats
59 creatures vanquished.

Vanquished Creatures (others)
  257 foxfires
257 creatures vanquished.

Grand Total: 316 creatures vanquished

Notes
Turn   | Place    | Note
-------+----------+-------------------------------------------
     0 | D:1      | 112233 the Deep Elf Fire Elementalist began the quest for
                  | the Orb.
     0 | D:1      | Reached XP level 1. HP: 10/10 MP: 6/6
    98 | D:1      | Found a large runed translucent door.
    98 | D:1      | Found a large runed translucent door.
   110 | D:1      | Noticed a quasit
   110 | D:1      | Noticed an iron imp
   111 | D:1      | Found a corrupted altar of Lugonu.
   111 | D:1      | Found a one-way gate to the infinite horrors of the Abyss.
   111 | D:1      | Noticed a crimson imp
   111 | D:1      | Noticed an iron imp
   122 | D:1      | Noticed a crimson imp
   348 | D:1      | Reached XP level 2. HP: 12/15 MP: 5/8
   524 | D:1      | Learned a level 2 spell: Scorch
  1044 | D:1      | Reached XP level 3. HP: 19/19 MP: 8/10
  1991 | D:2      | Reached XP level 4. HP: 24/24 MP: 9/12
  2555 | D:2      | You fall into a shaft and drop 1 floor!
  2691 | D:2      | Learned a level 4 spell: Flame Wave
  2760 | D:2      | Found a faded altar of an unknown god.
  2788 | D:2      | Slain by a gnoll

Illustrated notes

Levels and vault maps discovered:
D:1:      erik_arrival_cave_to_civilisation [erik_arrival_cave_to_temple],
          layout_basic, hangedman_glass_teeth, interstate_on_off
D:2:      layout_basic, hellmonk_ecumenical_altar_zigzags
D:3:      layout_basic

Skill      XL: |  1  2  3  4 |
---------------+-------------+-----
Conjurations   | 2 3 |  3.0
Spellcasting   | 4 |  4.4
Fire Magic     | 4 |  4.3
Dodging        | |  2.7
Stealth        | |  2.8

Action                   |  1- 3 |  4- 6 || total
-------------------------+-------+-------++-------
Melee: Unarmed           |     8 |       ||     8
       Punch             |     1 |       ||     1
 Cast: Foxfire           |    94 |    52 ||   146
Armor: Robe              |     8 |     2 ||    10
Dodge: Dodged            |    14 |    11 ||    25
